 Dungeon Crawl Stone Soup version 0.17-a0-627-g5cb7d3e (webtiles) character file.

9346 hulla the Geomancer (level 11, 0/61 HPs)
             Began as an Octopode Earth Elementalist on Apr 17, 2015.
             Was the Champion of Sif Muna.
             Slain by a wolf (11 damage)
             ... on level 2 of the Lair of Beasts.
             The game lasted 02:16:25 (15993 turns).

hulla the Geomancer (Octopode Earth Elementalist)  Turns: 15993, Time: 02:16:25

Health: 0/61       AC:  1    Str:  7    XL:     11   Next: 45%
Magic:  2/25       EV: 12    Int: 21    God:    Sif Muna [******]
Gold:   485        SH:  0    Dex: 13    Spells: 8 memorised, 5 levels left

rFire  . . .     SeeInvis .     b - 147 stones
rCold  . . .     Clarity  .     (no shield)
rNeg   . . .     SustAb   .     (helmet restricted)
rPois  .         Gourm    .     (no amulet)
rElec  .         Spirit   .     v - +5 ring of slaying
rCorr  .         Warding  .     (no ring)
rMut   .         Stasis   .     (no ring)
MR     .....                    (no ring)
Stlth  ++++......               (no ring)
                                (no ring)
                                (no ring)
                                (no ring)

@: not resistant to hostile enchantments, stealthy
A: almost no armour, amphibious, 8 rings, constrict 8, camouflage 1, gelatinous
body 1
a: Channel Energy, Forget Spell, Renounce Religion


You were on level 2 of the Lair of Beasts.
You worshipped Sif Muna.
Sif Muna was exalted by your worship.
You were not hungry.

You visited 3 branches of the dungeon, and saw 11 of its levels.
You also visited: Sewer.

You collected 485 gold pieces.

Inventory:

Hand weapons
 g - a +2 short sword of venom
 q - a +0 dagger of protection
 s - a +0 trident of flaming
Missiles
 b - 147 stones (in tentacle)
 n - 124 arrows
 D - 17 tomahawks (quivered)
Rods
 c - a +0 rod of clouds (9/12)
   (You found it on level 2 of the Lair of Beasts)
Jewellery
 v - a +5 ring of slaying (left tentacle)
 F - an uncursed ring of ice
Magical devices
 E - a wand of cold (10)
 L - a wand of flame (30)
 N - a wand of digging (8)
 P - a wand of paralysis (13)
Scrolls
 i - a scroll of holy word {unknown}
 m - a scroll of teleportation
 o - a scroll of torment {unknown}
 p - a scroll of fear {unknown}
 r - 2 scrolls of enchant armour
 t - a scroll of amnesia {unknown}
 w - 2 scrolls of remove curse
 x - a scroll of magic mapping {unknown}
 y - a scroll of fog {unknown}
 B - 2 scrolls of enchant weapon {unknown}
Potions
 a - 3 potions of ambrosia
 d - a potion of lignification {unknown}
 e - 3 potions of haste
 f - a potion of resistance {unknown}
 h - 2 potions of might
 l - 2 potions of curing
 z - a potion of cancellation
 A - 2 potions of poison {unknown}
 H - a potion of invisibility {unknown}
Books
 G - a book of Transfigurations

   Spells                             Type                      Level
   a - Stoneskin                      Transmutation/Earth          2
   b - Irradiate                      Conjuration/Transmutation    5
   c - Statue Form                    Transmutation/Earth          6
   d - Hydra Form                     Transmutation                6
   e - Dragon Form                    Transmutation                7
Miscellaneous
 M - a lantern of shadows
Comestibles
 j - 11 fruits
 k - 7 bread rations
 u - 3 slices of pizza
 C - a meat ration
 I - 3 beef jerkies
 J - 4 chunks of flesh


   Skills:
 - Level 2.0 Dodging
 - Level 3.0 Stealth
 - Level 10.2 Spellcasting
 - Level 5.0 Conjurations
 + Level 4.9 Transmutations
 - Level 12.0 Earth Magic


You had 5 spell levels left.
You knew the following spells:

 Your Spells              Type           Power        Failure   Level  Hunger
a - Sandblast             Erth           ######       1%          1    None
b - Stone Arrow           Conj/Erth      #####.       1%          3    None
c - Passwall              Trmt/Erth      #####.....   1%          3    None
d - Stoneskin             Trmt/Erth      #####...     1%          2    None
e - Petrify               Trmt/Erth      #####...     1%          4    ##.....
f - Animate Skeleton      Necr           N/A          8%          1    None
g - Lee's Rapid Deconstr  Erth           ######....   1%          5    ####...
h - Statue Form           Trmt/Erth      #####....    30%         6    ######.


Dungeon Overview and Level Annotations

Branches:
Dungeon (8/15)             Temple (1/1) D:6            Lair (2/8) D:8

Altars:
Ashenzari
Cheibriados
Dithmenos
Elyvilon
Fedhas
Gozag
Kikubaaqudgha
Makhleb
Nemelex Xobeh
Okawaru
Qazlal
Ru
Sif Muna
Trog
Vehumet
Xom
Yredelemnul
Zin
The Shining One


Innate Abilities, Weirdness & Mutations

You cannot wear most types of armour.
You are amphibious.
You can wear up to eight rings at the same time.
You can use your tentacles to constrict eight enemies at once.
Your skin changes colour to match your surroundings (Stealth).
Your rubbery body absorbs attacks (AC +1).


Message History

The wolf struggles to resist.
The wolf bites you! The wolf bites you. The wolf bites you!
* * * LOW HITPOINT WARNING * * *
The wolf bites you.
* * * LOW HITPOINT WARNING * * *
Read which item? (? for menu, Esc to quit)
Okay, then.
Drink which item? (? for menu, Esc to quit)
Okay, then.
Casting: Petrify
Confirm with . or Enter, or press ? or * to list all spells.
Okay, then.
Use which ability? (? or * to list)
Okay, then.
Casting: Petrify
Confirm with . or Enter, or press ? or * to list all spells.
Okay, then.
The wolf stops moving altogether!
The wolf misses you. The wolf bites you!
You die...

##.......##
####.........##
#.............#
##............# ##
#####...........##
######.##.##...........##
#.....................##
#................<...P#
#..####.##..hZh@....###
#.##..........##
##...........P#
#....###.#####
##....##### #......##
#.......# #.......#
.####....Z..#


You could see 2 wolves and a friendly blink frog skeleton.

Vanquished Creatures
  Joseph (D:7)
  A fire drake (Lair:1)
  13 blink frogs
  14 wargs (D:7)
  A hungry ghost (D:8)
  An ice beast (D:7)
  A wolf (Lair:2)
  A sky beast (D:6)
  4 water moccasins (Lair:1)
  Purgy (Sewer)
  A black bear (D:5)
  A porcupine (Lair:1)
  6 orc warriors (D:7)
  2 centaurs
  2 crocodiles (Lair:1)
  4 ogres
  2 giant frogs (Lair:1)
  2 scorpions
  3 hounds
  3 orc priests (D:7)
  A centaur zombie (D:5)
  A giant frog zombie (D:6)
  2 iguanas
  6 orc wizards
  4 crimson imps
  4 worker ants
  2 centaur skeletons
  A giant frog skeleton (D:7)
  A jelly (D:7)
  Jessica (D:3)
  A hound skeleton (D:6)
  A mummy (D:8)
  Robin (D:3)
  7 adders
  5 gnolls
  2 river rats (D:5)
  2 shadow imps
  An adder zombie (D:5)
  An ooze (D:2)
  An adder skeleton (D:5)
  46 orcs
  21 bats
  A bat skeleton (D:4)
  8 giant cockroaches
  21 goblins
  20 hobgoblins
  5 jackals
  4 quokkas
  5 ball pythons
  3 giant geckos
  6 giant newts
  18 kobolds
  9 rats
  5 ballistomycetes (D:7)
281 creatures vanquished.

Vanquished Creatures (collateral kills)
  An orc sorcerer (D:7)
  A komodo dragon (Lair:1)
  A blink frog (Lair:1)
  4 wargs (D:7)
  2 wolves (Lair:2)
  An orc warrior (D:7)
  A centaur (D:8)
  A hound (D:7)
  8 orcs (D:7)
  A kobold (D:7)
  A ballistomycete (D:7)
  A plant (Lair:1)
23 creatures vanquished.

Vanquished Creatures (others)
  2 blink frog skeletons
  5 warg skeletons (D:7)
  An ogre skeleton (D:8)
  A crocodile skeleton (Lair:1)
  A ball python skeleton (D:7)
  A giant spore (D:7)
  A hobgoblin skeleton (D:7)
  8 orc skeletons (D:7)
20 creatures vanquished.

Grand Total: 324 creatures vanquished

Notes
Turn   | Place    | Note
--------------------------------------------------------------
     0 | D:1      | hulla, the Octopode Earth Elementalist, began the quest for the Orb.
     0 | D:1      | Reached XP level 1. HP: 11/11 MP: 3/3
   433 | D:1      | Reached XP level 2. HP: 17/17 MP: 5/5
  1064 | D:2      | Reached skill level 4 in Earth Magic
  1064 | D:2      | Reached XP level 3. HP: 21/21 MP: 3/6
  1069 | D:2      | Learned a level 3 spell: Stone Arrow
  1159 | D:2      | Found a white marble altar of Elyvilon.
  1320 | D:2      | Reached skill level 1 in Conjurations
  1861 | D:3      | Noticed Jessica
  1865 | D:3      | Killed Jessica
  1865 | D:3      | Reached XP level 4. HP: 27/27 MP: 7/7
  1879 | D:3      | Noticed Robin
  2405 | D:3      | Killed Robin
  2605 | D:3      | Reached XP level 5. HP: 22/31 MP: 2/8
  3153 | D:3      | Learned a level 3 spell: Passwall
  3255 | D:3      | Found a snail-covered altar of Cheibriados.
  3386 | D:3      | Found a shimmering altar of Xom.
  3950 | D:4      | Found a burning altar of Makhleb.
  4015 | D:4      | Reached XP level 6. HP: 33/36 MP: 1/9
  4303 | D:4      | Learned a level 2 spell: Stoneskin
  5053 | D:4      | Reached skill level 5 in Conjurations
  5053 | D:4      | Reached skill level 5 in Earth Magic
  5520 | D:5      | Entered Level 5 of the Dungeon
  5650 | D:5      | Found a glowing drain.
  5655 | Sewer    | Entered a sewer
  5694 | Sewer    | Noticed Purgy
  5701 | Sewer    | Killed Purgy
  5701 | Sewer    | Reached XP level 7. HP: 41/41 MP: 0/10
  6715 | D:5      | Reached XP level 8. HP: 34/46 MP: 2/12
  6811 | D:5      | Learned a level 4 spell: Petrify
  6877 | D:5      | Found an iron altar of Okawaru.
  7359 | D:5      | Reached skill level 6 in Earth Magic
  7941 | D:6      | Found a staircase to the Ecumenical Temple.
  7947 | D:6      | Identified the Grimoire of Unholy Rites
  7950 | D:6      | Learned a level 1 spell: Animate Skeleton
  7956 | Temple   | Entered the Ecumenical Temple
  8036 | Temple   | Became a worshipper of Sif Muna the Loreminder
  8663 | D:6      | Found a shadowy altar of Dithmenos.
  8668 | D:6      | Found a glowing silver altar of Zin.
  8754 | D:6      | Found a deep blue altar of Sif Muna.
  9155 | D:7      | Reached skill level 7 in Earth Magic
  9413 | D:7      | Reached skill level 5 in Spellcasting
  9735 | D:7      | Acquired Sif Muna's first power
  9801 | D:7      | Reached XP level 9. HP: 51/51 MP: 11/17
  9835 | D:7      | Reached skill level 8 in Earth Magic
  9928 | D:7      | Acquired Sif Muna's second power
 10281 | D:7      | Noticed Joseph
 10289 | D:7      | Reached skill level 9 in Earth Magic
 10444 | D:7      | Learned a level 5 spell: Lee's Rapid Deconstruction
 10832 | D:7      | Reached XP level 10. HP: 51/56 MP: 17/21
 11219 | D:7      | Noticed an orc sorcerer
 11458 | D:7      | Killed Joseph
 11458 | D:7      | Reached skill level 10 in Earth Magic
 11891 | D:7      | Acquired Sif Muna's third power
 12178 | D:7      | Killed an orc sorcerer
 12725 | D:7      | Found a blossoming altar of Fedhas.
 13893 | D:8      | Found a staircase to the Lair.
 14117 | Lair:1   | Entered Level 1 of the Lair of Beasts
 14166 | Lair:1   | Reached skill level 11 in Earth Magic
 14324 | Lair:1   | Reached XP level 11. HP: 46/61 MP: 12/24
 14975 | Lair:1   | Reached skill level 10 in Spellcasting
 15859 | Lair:2   | Identified a +0 rod of clouds (12/12) (You found it on level 2 of the Lair of Beasts)
 15898 | Lair:2   | Received a gift from Sif Muna
 15907 | Lair:2   | Learned a level 6 spell: Statue Form
 15938 | Lair:2   | Reached skill level 12 in Earth Magic
 15993 | Lair:2   | Slain by a wolf

Action                   |  1- 3 |  4- 6 |  7- 9 | 10-12 || total
-------------------------+-------+-------+-------+-------++-------
Melee: Dagger            |    24 |    66 |    77 |    40 ||   207
       Unarmed           |     7 |     3 |       |    24 ||    34
       Short sword       |    23 |    42 |    22 |    37 ||   124
       Trident           |       |       |    17 |     7 ||    24
Throw: Tomahawk          |       |    16 |       |    16 ||    32
       Stone             |       |     5 |    10 |     1 ||    16
       Javelin           |       |    11 |    90 |    14 ||   115
 Cast: Sandblast         |    20 |    48 |    32 |    50 ||   150
       Stone Arrow       |       |    30 |    52 |    85 ||   167
       Passwall          |       |     4 |       |       ||     4
       Stoneskin         |       |     1 |     3 |     5 ||     9
       Animate Skeleton  |       |       |     5 |    29 ||    34
       Petrify           |       |       |     9 |    29 ||    38
       Lee's Rapid Decon |       |       |     1 |     2 ||     3
Evoke: Rod               |       |       |       |     1 ||     1
  Use: Scroll            |     4 |     3 |     6 |     2 ||    15
       Potion            |       |     1 |       |       ||     1
 Stab: Sleeping          |     9 |     5 |     1 |       ||    15
       Petrified         |       |       |     4 |     6 ||    10
       Petrifying        |       |       |     1 |       ||     1
  Eat: Chunk             |     3 |    17 |    19 |    19 ||    58
       Fruit             |       |       |     1 |     1 ||     2
       Beef jerky        |       |       |     1 |       ||     1
